 Dungeon Crawl Stone Soup version 0.18.1-50-g88ac8fd (webtiles) character file.

249 Firecrotchwizard the Cudgeler (level 5, -1/46 HPs)
             Began as a Minotaur Fighter on Oct 24, 2016.
             Slain by a gnoll
             ... wielding a +0 flail
              (7 damage)
             ... on level 4 of the Dungeon.
             The game lasted 00:06:51 (1932 turns).

Firecrotchwizard the Cudgeler (Minotaur Fighter)    Turns: 1932, Time: 00:06:53

Health: -1/46      AC: 12    Str: 21    XL:     5   Next: 86%
Magic:  4/4        EV:  5    Int:  5    God:
Gold:   122        SH:  9    Dex: 10    Spells: 0 memorised, 4 levels left

rFire  . . .     SeeInvis .     a - +1 flail
rCold  . . .     Gourm    .     u - +0 chain mail
rNeg   . . .     Faith    .     c - +0 shield
rPois  +         Spirit   .     (helmet restricted)
rElec  .         Dismiss  .     j - +0 cloak
rCorr  .         Reflect  .     w - +0 pair of gloves
SustAt .         Harm     .     e - +0 pair of boots
MR     .....     Rnd*Tele +     (no amulet)
Stlth  ..........               x - ring of teleportation (curse)
                                n - ring of poison resistance

@: not resistant to hostile enchantments, extremely unstealthy
A: retaliatory headbutt, horns 2
a: no special abilities


You were on level 4 of the Dungeon.
You were hungry.

You visited 1 branch of the dungeon, and saw 4 of its levels.

You collected 122 gold pieces.

Inventory:

Hand Weapons
 a - a +1 flail (weapon)
Armour
 b - a +0 scale mail
 c - a +0 shield (worn)
 e - a +0 pair of boots (worn)
 j - a +0 cloak (worn)
 u - a +0 chain mail (worn)
 w - a +0 pair of gloves (worn)
Jewellery
 n - a ring of poison resistance (left hand)
 x - a cursed ring of teleportation (right hand)
Scrolls
 p - 3 scrolls of identify
Potions
 d - a potion of might
 h - a potion of agility {unknown}
 m - 2 potions of resistance
 o - a potion of degeneration {unknown}
 t - 2 potions of curing {unknown}
Comestibles
 f - a bread ration
 i - 4 fruits


   Skills:
 - Level 3.7 Fighting
 + Level 7.2 Maces & Flails
 - Level 3.7 Armour
 - Level 3.8 Shields


You had 4 spell levels left.
You didn't know any spells.

Dungeon Overview and Level Annotations

Branches:
Dungeon (4/15)
 Temple: D:4-7

Altars:
Gozag
Qazlal
Sif Muna
Xom

Shops:
D:4 %


Innate Abilities, Weirdness & Mutations

You reflexively headbutt those who attack you in melee.
You have a pair of horns on your head.


Message History

You block the worker ant's attack.
The gnoll hits you but does no damage. x3
You hit the worker ant but do no damage.
The worker ant is severely wounded.
You block the worker ant's attack. The gnoll barely misses you.
The gnoll hits you but does no damage. The worker ant barely misses you.
You furiously retaliate!
You headbutt the worker ant.
The gnoll hits you with an enchanted whip.
You hit the worker ant but do no damage.
The worker ant is almost dead.
The gnoll hits you but does no damage. You block the worker ant's attack.
The gnoll completely misses you.
The gnoll hits you with an enchanted whip!
* * * LOW HITPOINT WARNING * * *
You closely miss the worker ant.
The worker ant is almost dead.
The worker ant bites you but does no damage.
The gnoll hits you.
* * * LOW HITPOINT WARNING * * *
You block the gnoll's attack. The gnoll hits you with a flail!
You die...

,*
*,******,***,*****,*****#
,********,*
*,,,,,),,,*,,,,,*#
,,,,>,,,,,*
*****.#**,*****,*#
*********,*
**#.**,,,,,**,*# * *,*
###**,.,,,.,,*,**,*# * *,*
#..,,.#,#.#*,*,**,* * *,*
#.###.#....,,,,**,* *
****,* #.#)g...#.#*,,,**,*
*,,,,####.#@a......,,,,**,*
*,***#.....gg......,,,,**,*
*,* #.##.#...∩.###*,,,**,**
*,* #.........$# *,,,,,,,,
*,* #.##.###.#.# *,*,**,**
***,***#.##.# *.#.#
*,*,**,* *,,,,,*..##.#
*..,# *,*,**,*
****,,,,,*..##.# *##.*
*,,,,*,* ,,,,,,,,,#..##.#
*.# ***,,*,*


You could see a worker ant and 3 gnolls.

Vanquished Creatures
  An orc priest (D:3)
  A hound (D:4)
  A gnoll shaman (D:4)
  Ijyb (D:2)
  Natasha (D:3)
  A worker ant (D:4)
  2 adders
  3 dart slugs (D:2)
  2 giant geckos
  3 orcs (D:3)
  11 bats
  5 giant cockroaches
  6 hobgoblins
  3 jackals (D:2)
  A quokka (D:2)
  3 ball pythons
  2 giant newts (D:3)
  4 goblins
  4 kobolds
  7 rats
62 creatures vanquished.

Notes
Turn   | Place    | Note
--------------------------------------------------------------
     0 | D:1      | Firecrotchwizard the Minotaur Fighter began the quest for the Orb.
     0 | D:1      | Reached XP level 1. HP: 19/19 MP: 0/0
   174 | D:1      | Reached XP level 2. HP: 27/27 MP: 1/1
   222 | D:1      | Reached skill level 3 in Maces & Flails
   459 | D:2      | Noticed Ijyb
   469 | D:2      | Killed Ijyb
   469 | D:2      | Reached skill level 4 in Maces & Flails
   469 | D:2      | Reached XP level 3. HP: 30/33 MP: 2/2
   723 | D:2      | Reached XP level 4. HP: 40/40 MP: 3/3
   804 | D:2      | Reached skill level 5 in Maces & Flails
   856 | D:2      | Found an opulent altar of Gozag.
   921 | D:3      | Noticed Natasha
   944 | D:3      | Killed Natasha
  1343 | D:3      | Found a stormy altar of Qazlal.
  1463 | D:3      | Reached skill level 6 in Maces & Flails
  1463 | D:3      | Reached XP level 5. HP: 32/46 MP: 4/4
  1464 | D:3      | Found a shimmering altar of Xom.
  1764 | D:3      | Found a faded altar to an unknown god.
  1861 | D:3      | Found a deep blue altar of Sif Muna.
  1906 | D:4      | Found Sitoewnu's Food Boutique.
  1921 | D:4      | Reached skill level 7 in Maces & Flails
  1932 | D:4      | Slain by a gnoll

Skill      XL: |  1  2  3  4  5 |
---------------+----------------+-----
Maces & Flails | 4 6 7 |  7.2
Fighting       | |  3.7
Armour         | |  3.7
Shields        | |  3.8

Action                   |  1- 3 |  4- 6 || total
-------------------------+-------+-------++-------
Melee: Flail             |    71 |   122 ||   193
       Headbutt          |     7 |    18 ||    25
  Use: Scroll            |       |     8 ||     8
  Eat: Chunk             |       |     2 ||     2
       Fruit             |       |     1 ||     1
Armor: Scale mail        |    35 |    30 ||    65
       Chain mail        |       |    38 ||    38
Dodge: Dodged            |    21 |    29 ||    50
Block: Shield            |    32 |    83 ||   115
